 Dungeon Sprint DCSS version 0.26-a0-665-gefeb406119 (webtiles) character file.

Game seed: 8854545019218645957

49 rocky1 the Shield-Bearer (level 3, -5/43 HPs)
             Began as a Demonspawn Fighter on Oct 15, 2020.
             Slain by a water elemental (17 damage)
             ... in the Dungeon (Sprint III: "The Ten Rune Challenge").
             The game lasted 00:01:13 (477 turns).

rocky1 the Shield-Bearer (Demonspawn Fighter)        Turns: 477, Time: 00:01:14

Health: -5/43      AC:  6    Str: 17    XL:     3   Next: 53%
Magic:  3/3        EV: 12    Int:  9    God:
Gold:   44         SH: 10    Dex: 14    Spells: 2/2 levels left

rFire    . . .     SeeInvis .   a - +0 war axe
rCold    . . .     Faith    .   c - +0 kite shield
rNeg     . . .     Spirit   .   b - +0 scale mail
rPois    .         Reflect  .   (no helmet)
rElec    .         Harm     .   (no cloak)
rCorr    .         Rampage  .   (no gloves)
MR       .....     NoTele   +   (no boots)
Stlth    ..........             (no amulet)
HPRegen  0.14/turn              (no ring)
MPRegen  0.08/turn              (no ring)

@: agile, berserking, engulfed (cannot breathe), very quick
A: thin skeletal structure 1, powered by pain 1
a: no special abilities


You were in the Dungeon.
You visited 1 branch You collected 44 gold pieces.

Inventory:

Hand Weapons
 a - a +0 war axe (weapon)
Armour
 b - a +0 scale mail (worn)
 c - a +0 kite shield (worn)
Wands
 k - a wand of polymorph (7)
Scrolls
 g - a scroll of torment {unknown}
 j - a scroll of blinking
 l - 2 scrolls of identify
 m - 3 scrolls of remove curse
 o - a scroll of holy word {unknown}
 p - a scroll of magic mapping {unknown}
Potions
 d - a potion of might
 e - a potion of curing
 f - a potion of heal wounds
 h - 2 potions of magic
 n - a potion of haste
 q - a potion of degeneration {unknown}
 r - 5 potions of mutation


   Skills:
 - Level 3.0 Fighting
 + Level 4.8 Axes
 - Level 2.6 Armour
 + Level 5.3 Shields


You had 2 spell levels left.
You didn't know any spells.
Your spell library was empty.

Dungeon Overview and Level Annotations

Branches:
Dungeon (1/1)

Altars:


Innate Abilities, Weirdness & Mutations

You have a somewhat thin skeletal structure. (Dex +2, Stealth)
You sometimes gain a little power by taking damage.


Message History

r - 3 potions of mutation (gained 1);
r - 5 potions of mutation (gained 2)
There is an open door here.
You open the door.
A water elemental comes into view.
A red film seems to cover your vision as you go berserk!
You feel yourself moving faster!
You feel mighty!
You slice the water elemental!!
The water elemental is severely damaged.
The water elemental hits you!!
You closely miss the water elemental.
The water elemental is severely damaged.
The water elemental hits you!
You focus on the pain.
You feel agile all of a sudden.
The water elemental engulfs you in water!
Your shield prevents you from hitting the water elemental.
The water elemental is severely damaged.
* * * LOW HITPOINT WARNING * * *
Your lungs strain for air!
The water elemental hits you!
You die...

▓▓▓▓▓▓▓▓ ▓▓▓ <..#...####
##.# ...#......#####..#
..##....÷..#..#..#
##.##.##...#..#..# #+#+#
##.##.###..##'#..#......
#.####.##..###..@E.⌠....
.###..##..####...#...###
#..†..##[.###....# ⌠.#
###†.##...##.....# .#
##..##....#÷.....# #
#..###..##.#.....# #..#
#..#####....# ▓▓▓▓ ▓▓▓▓
▓▓▓▓▓▓


You could see a water elemental.

Vanquished Creatures
  Jessica (D)
  A human (D)
  A phantom (D)
  3 rats (D)
6 creatures vanquished.

Vanquished Creatures (others)
  3 plants (D)
3 creatures vanquished.

Grand Total: 9 creatures vanquished

Notes
Turn   | Place    | Note
-------+----------+-------------------------------------------
     0 | D        | rocky1 the Demonspawn Fighter began the quest for the Orb.
     0 | D        | Reached XP level 1. HP: 18/18 MP: 1/1
    17 | D        | Reached skill level 3 in Shields
    74 | D        | Noticed Jessica
    81 | D        | Killed Jessica
    81 | D        | Reached skill level 4 in Shields
    81 | D        | Gained mutation: You sometimes gain a little power by
                  | taking damage. [demonic ancestry]
    81 | D        | Reached XP level 2. HP: 20/24 MP: 2/2
   159 | D        | Reached skill level 5 in Shields
   159 | D        | Gained mutation: You have a somewhat thin skeletal
                  | structure. (Dex +2, Stealth) [demonic ancestry]
   159 | D        | Reached XP level 3. HP: 4/29 MP: 3/3
   473 | D        | Noticed a water elemental
   477 | D        | Slain by a water elemental

Illustrated notes

Levels and vault maps discovered:
D:        dungeon_sprint_mu [sprint_mu_entry_cave, sprint_mu_temple_rooms,
          sprint_mu_d1_spiders, sprint_mu_d2_genie, sprint_mu_d3_branching,
          sprint_mu_orc_legion, sprint_mu_elf_gauntlet, sprint_mu_hive_nellie,
          sprint_mu_lair_fedhas, sprint_mu_vaults_butterflies,
          sprint_mu_slime_circle, sprint_mu_swamp_cave, sprint_mu_shoals_kraken,
          sprint_mu_blade_basic, sprint_mu_crypt_fortress,
          sprint_mu_tomb_spiral, sprint_mu_vestibule_basic,
          sprint_mu_gehenna_hellfire, sprint_mu_dis_giant,
          sprint_mu_tartarus_statrot, sprint_mu_cocytus_islands, sprint_mu_zot1]

Skill      XL: |  1  2 |
---------------+-------+-----
Axes           | 4 |  4.8
Shields        | 4 5 |  5.3
Fighting       | |  3.0
Armour         | |  2.6

Action                   || total
-------------------------++-------
Melee: War axe           ||    45
  Use: Potion            ||     2
Armor: Scale mail        ||    11
Dodge: Dodged            ||     9
Block: Kite shield       ||    13

Table legend: (Time is in decaauts)
 A = Elapsed time spent in this place.
 B = Non-inter-level travel time spent in this place.
 C = Inter-level travel time spent in this place.
 D = Time resting spent in this place.
 E = Time spent auto-exploring this place.
 F = Levels seen in this place.
 G = Mean time per level.
                   A        B        C        D        E       F      G
               +--------+--------+--------+--------+--------+-----+--------+
         Total |    480 |    480 |      0 |    331 |      0 |   1 |  480.0 |
       Dungeon |    480 |    480 |      0 |    331 |      0 |   1 |  480.0 |
               +--------+--------+--------+--------+--------+-----+--------+

Top non-repeatable levels by time:
       D: 480 daAuts
